 Dungeon Crawl Stone Soup version 0.28.0-53-g5a82cb258f (webtiles) character file.

Game seed: 3698727397966130034

105 safid the Chopper (level 4, -4/40 HPs)
             Began as a Hill Orc Fighter on May 28, 2022.
             Killed by nerve-wracking pain
             ... invoked by Grinder
              (10 damage)
             ... on level 3 of the Dungeon.
             The game lasted 00:03:55 (2667 turns).

safid the Chopper (Hill Orc Fighter)                Turns: 2667, Time: 00:03:56

Health: -4/40      AC:  7    Str: 20    XL:     4   Next: 81%
Magic:  4/4        EV:  9    Int:  8    God:
Gold:   54         SH:  4    Dex: 10    Spells: 3/3 levels left

rFire   . . .      SeeInvis .   a - +0 war axe
rCold   . . .      Faith    .   c - +0 buckler
rNeg    . . .      Spirit   .   b - +0 scale mail
rPois   .          Reflect  .   (no helmet)
rElec   .          Harm     .   (no cloak)
rCorr   .          Rampage  .   (no gloves)
Will    .....                   (no boots)
Stlth   ..........              (no amulet)
HPRegen 0.13/turn               (no ring)
MPRegen 0.09/turn               (no ring)

@: mighty
A: no striking features
a: no special abilities


You were on level 3 of the Dungeon.
You visited 1 branch of the dungeon, and saw 3 of its levels.

You collected 54 gold pieces.

Inventory:

Hand Weapons
 a - a +0 war axe (weapon)
Armour
 b - a +0 scale mail (worn)
 c - a +0 buckler (worn)
Scrolls
 e - a scroll of fog {unknown}
 i - 2 scrolls of identify {unknown}
 j - a scroll of magic mapping {unknown}
 l - a scroll of torment {unknown}
 m - a scroll of enchant armour {unknown}
 n - a scroll of vulnerability {unknown}
Potions
 f - a potion of flight {unknown}
 g - a potion of berserk rage {unknown}
 h - a potion of cancellation {unknown}
 k - a potion of haste {unknown}
 o - a potion of invisibility {unknown}
 p - a potion of brilliance {unknown}
 q - a potion of curing
 r - a potion of heal wounds {unknown}


   Skills:
 - Level 4.0 Fighting
 + Level 4.9 Axes
 - Level 4.0 Armour
 - Level 4.0 Shields


You had 3 spell levels left.
You didn't know any spells.
Your spell library contained the following spells:

 Spells                   Type           Power      Damage    Failure   Level
 Magic Dart               Conj           0%         1d3       85%         1
 Call Imp                 Summ           0%         N/A       94%         2
 Mephitic Cloud           Conj/Pois/Air  0%         N/A       99%         3


Dungeon Overview and Level Annotations

Branches:
Dungeon (3/15)

Altars:
Fedhas

Annotations:
D:3 Grinder


Message History

Pain shoots through your body! Grinder hits you.
You writhe in agony.
* * * LOW HITPOINT WARNING * * *
You are too injured to fight recklessly!
You are too injured to fight recklessly!
You are too injured to fight recklessly!
You are too injured to fight recklessly!
You are too injured to fight recklessly!
You are too injured to fight recklessly!
You are too injured to fight recklessly!
You are too injured to fight recklessly!
You are too injured to fight recklessly!
You are too injured to fight recklessly!
You are too injured to fight recklessly!
Unknown command.
You barely miss Grinder.
Grinder says, "There's only one good use for a tongue: cutting it out."
Grinder closely misses you.
You barely miss Grinder. Grinder gestures at you.
You suddenly lose the ability to move!
Grinder blinks! x2
Grinder gestures at you. Pain shoots through your body!
* * * LOW HITPOINT WARNING * * *
You can move again.
Unknown command.
Unknown command.
Unknown command.
Unknown command.
Unknown command.
You feel very mighty all of a sudden. Grinder gestures at you.
You shrug off the repeated paralysis!
Unknown command.
You slash Grinder!
Grinder is lightly wounded.
Grinder blinks!
Grinder gestures at you. Pain shoots through your body!
You die...

#.### #...).##...#
#.....#...).# ...8 #.#
#.......# .# #.#
###.....# # #.#
#####...# #.# #....(..#
######.#####.....#
#...)5.....###.ยง.#
#.########..###@.######
#.# ##.##<........ #.#
#.##......... #.#
#..5......... #.#
#..##...(.##. #5#
######...## #.# ####
#.# #.### ### ###


You could see Grinder.

Vanquished Creatures
  An orc wizard (D:3)
  A worm (D:2)
  A dart slug (D:2)
  2 orcs (D:2)
  5 bats
  10 endoplasms
  4 giant cockroaches
  6 goblins
  3 hobgoblins (D:1)
  7 jackals (D:1)
  4 quokkas
  5 ball pythons
  2 frilled lizards
  8 kobolds
  4 rats
63 creatures vanquished.

Notes
Turn   | Place    | Note
-------+----------+-------------------------------------------
     0 | D:1      | safid the Hill Orc Fighter began the quest for the Orb.
     0 | D:1      | Reached XP level 1. HP: 19/19 MP: 1/1
   204 | D:1      | Reached XP level 2. HP: 22/27 MP: 2/2
   469 | D:1      | Found a faded altar of an unknown god.
   817 | D:1      | Reached XP level 3. HP: 33/33 MP: 3/3
  1597 | D:2      | Reached XP level 4. HP: 26/40 MP: 4/4
  2364 | D:3      | Found a blossoming altar of Fedhas.
  2379 | D:3      | Noticed Grinder
  2384 | D:3      | Paralysed by Grinder for 5 turns
  2459 | D:3      | Paralysed by Grinder for 6 turns
  2651 | D:3      | Paralysed by Grinder for 7 turns
  2660 | D:3      | Paralysed by Grinder for 6 turns
  2667 | D:3      | Killed from afar by Grinder

Illustrated notes

Levels and vault maps discovered:
D:1:      erik_arrival_cave_to_civilisation [erik_arrival_cave_to_hall],
          layout_basic, chequers_ecumenical_altar_simple_redux
D:2:      layout_loops_ring, mrwooster_statue_mirror, small_statue_intersection,
          chequers_serial_rivers_micro_c, minmay_tetromino_s4
D:3:      layout_rooms, mainiacjoe_overflow_catwalk, serial_corexii_hall,
          corexii_hall_statues_s, corexii_hall_statues_l,
          kennysheep_generic_room_9, uniq_grinder

Skill      XL: |  1  2  3  4 |
---------------+-------------+-----
Axes           | 3 4 |  4.9
Fighting       | 4 |  4.0
Armour         | 4 |  4.0
Shields        | 4 |  4.0

Action                   |  1- 3 |  4- 6 || total
-------------------------+-------+-------++-------
Melee: War axe           |   105 |    55 ||   160
  Use: Potion            |       |     2 ||     2
Armor: Scale mail        |    59 |    30 ||    89
Dodge: Dodged            |    57 |    26 ||    83
Block: Buckler           |    27 |    17 ||    44
